 Dungeon Crawl Stone Soup version 0.17-a0-1941-gcc30b76 (webtiles) character file.

33 Ordine the Firebug (level 3, 0/19 HPs)
             Began as a Gargoyle Fire Elementalist on Sept 30, 2015.
             Slain by Terence
             ... wielding a +0 hand axe of electrocution
              (5 damage)
             ... on level 2 of the Dungeon.
             The game lasted 00:05:44 (1561 turns).

Ordine the Firebug (Gargoyle Fire Elementalist)     Turns: 1561, Time: 00:05:44

Health: 0/19       AC:  5    Str: 11    XL:     3   Next: 29%
Magic:  0/7        EV: 12    Int: 16    God:
Gold:   89         SH:  0    Dex: 10    Spells: 2 memorised, 3 levels left

rFire  . . .     SeeInvis .     f - +0 club
rCold  . . .     Clarity  .     j - +0 robe (curse)
rNeg   + . .     SustAt   .     (no shield)
rPois  ∞         Gourm    .     (no helmet)
rElec  +         Spirit   .     (no cloak)
rCorr  .         Warding  .     (no gloves)
rMut   .         Stasis   .     (no boots)
MR     +....                    (no amulet)
Stlth  ++........               (no ring)
                                h - ring of protection from magic

@: very slightly contaminated, somewhat resistant to hostile enchantments,
unstealthy
A: negative energy resistance 1, electricity resistance, unbreathing,
petrification resistance, rot immunity, AC +3
a: no special abilities


You were on level 2 of the Dungeon.
You were not hungry.

You visited 1 branch of the dungeon, and saw 2 of its levels.

You collected 89 gold pieces.

Inventory:

Hand weapons
 f - a +0 club (weapon)
Armour
 a - a +0 robe
 j - a cursed +0 robe (worn)
Jewellery
 h - a ring of protection from magic (left hand)
Scrolls
 g - a scroll of remove curse
Potions
 e - a potion of invisibility {unknown}
 k - a potion of brilliance {unknown}
Books
 b - a book of Flames

   Spells                             Type                      Level
   a - Flame Tongue                   Conjuration/Fire             1
   b - Throw Flame                    Conjuration/Fire             2
   c - Conjure Flame                  Conjuration/Fire             3
   d - Inner Flame                    Hexes/Fire                   3
   e - Sticky Flame                   Conjuration/Fire             4
   f - Fireball                       Conjuration/Fire             5
Comestibles
 c - 2 bread rations
 d - a chunk of flesh
 i - a beef jerky


   Skills:
 - Level 1.5 Dodging
 - Level 2.1 Stealth
 * Level 2.7 Spellcasting
 + Level 1.5 Conjurations
 + Level 3.5 Fire Magic


You had 3 spell levels left.
You knew the following spells:

 Your Spells              Type           Power        Failure   Level  Hunger
a - Flame Tongue          Conj/Fire      ##...        10%         1    #......
b - Conjure Flame         Conj/Fire      ##......     21%         3    ###....


Dungeon Overview and Level Annotations

Branches:
Dungeon (2/15)

Altars:

Annotations:
D:2 Terence


Innate Abilities, Weirdness & Mutations

You are resistant to torment.
Your stone body is resilient (AC +3).
You are immune to poison.
You resist negative energy.
You are resistant to electric shocks.
You can survive without breathing.
You are immune to petrification.
You are immune to rotting.


Message History

Terence hits you with a hand axe of electrocution.
Casting: Flame Tongue
Confirm with . or Enter, or press ? or * to list all spells.
Aiming: Flame Tongue
Press: ? - help, Shift-Dir - straight line, f/p - Terence
Aim: Terence, wielding a hand axe of electrocution and wearing a chain mail (moderately wounded)
The flame tongue hits Terence.
Terence is heavily wounded.
Terence hits you with a hand axe of electrocution.
* * * LOW HITPOINT WARNING * * *
There is a stone staircase leading down here.
Casting: Flame Tongue
Confirm with . or Enter, or press ? or * to list all spells.
Aiming: Flame Tongue
Press: ? - help, Shift-Dir - straight line, f/p - Terence
Aim: Terence, wielding a hand axe of electrocution and wearing a chain mail (heavily wounded)
The flame tongue hits Terence.
Terence is severely wounded.
Terence hits you with a hand axe of electrocution.
You die...

#.# #.# #########.##
#.....(....# ###
##..........# ....
######..♣P.......#....♣
#......♣@@...........♣
#....[♣♣♣♣♣P>........♣
#.......♣♣♣..........♣
#.................###♣
#........[P.......#
###.......PP♣.P.......
...........♣♣♣♣..##.###
............P♣♣♣P# .#
............P....##.#


You could see Terence.

Vanquished Creatures
  A worm (D:2)
  A ball python (D:1)
  4 bats (D:1)
  A giant cockroach (D:1)
  6 hobgoblins (D:1)
  3 jackals (D:1)
  A kobold (D:1)
  A giant newt (D:1)
  3 goblins
  8 rats (D:1)
29 creatures vanquished.

Notes
Turn   | Place    | Note
--------------------------------------------------------------
     0 | D:1      | Ordine the Gargoyle Fire Elementalist began the quest for the Orb.
     0 | D:1      | Reached XP level 1. HP: 10/10 MP: 3/3
   147 | D:1      | Reached XP level 2. HP: 15/15 MP: 0/5
   848 | D:1      | Reached XP level 3. HP: 16/19 MP: 0/6
   857 | D:1      | Learned a level 3 spell: Conjure Flame
  1542 | D:2      | Noticed Terence
  1561 | D:2      | Slain by Terence

Vault maps used:
D:1:      saegor_arrival_simple_c, serial_co_window_serial,
          co_window_of_opportunity_a, co_window_paths_b, co_window_corner_a,
          co_window_corner_a, co_window_corner_a, co_window_of_opportunity_b,
          co_window_of_opportunity_c, co_window_corner_cb,
          co_window_unsneaky_path_d, co_window_corner_b, co_window_corner_ca
D:2:      okawaru_gym_becter, serial_forest, infiniplex_forest_lined_1,
          infiniplex_forest_split, infiniplex_forest_pool,
          infiniplex_forest_straight_3, infiniplex_forest_clump_double,
          ecumenical_altar_2, uniq_natasha, uniq_terence

Action                   || total
-------------------------++-------
Melee: Club              ||    19
 Cast: Flame Tongue      ||    57
  Use: Scroll            ||     5
  Eat: Chunk             ||     3
